 Dungeon Crawl Stone Soup version 0.25-a0-404-gc1b5a34292 (webtiles) character file.

Game seed: 2864451970961778922, levelgen mode: deterministic

5742 Essalna the Zephyrmancer (level 10, -7/59 HPs)
             Began as a Tengu Air Elementalist on Jan 9, 2020.
             Was an Initiate of Vehumet.
             Mangled by a salamander
             ... wielding a +0 trident
              (13 damage)
             ... in a volcano on Jan 10, 2020.
             The game lasted 00:43:16 (9409 turns).

Essalna the Zephyrmancer (Tengu Air Elementalist)   Turns: 9409, Time: 00:43:16

Health: -7/59      AC:  7    Str:  9    XL:     10   Next: 77%
Magic:  24/30      EV: 16    Int: 18    God:    Vehumet [......]
Gold:   809        SH:  5    Dex: 15    Spells: 11/22 levels left

rFire    . . .     SeeInvis .   u - +3 whip (flame)
rCold    . . .     Gourm    .   f - +0 buckler
rNeg     + . .     Faith    .   l - +1 robe {MR+}
rPois    .         Spirit   .   (helmet restricted)
rElec    .         Reflect  .   j - +2 cloak
rCorr    .         Harm     .   t - +0 pair of gloves
MR       +....                  (boots unavailable)
Stlth    ++........             (no amulet)
HPRegen  0.19/turn              k - ring of positive energy
MPRegen  0.22/turn              q - ring of magical power

@: no status effects
A: beak, talons 3, able to fly
a: Fly, Renounce Religion


You were in a volcano.
You worshipped Vehumet.
Vehumet was noncommittal.
You were not hungry.

You visited 3 branches of the dungeon, and saw 11 of its levels.
You also visited: Ossuary and Volcano.

You collected 809 gold pieces.

Inventory:

Hand Weapons
 u - a +3 whip of flaming (weapon)
Armour
 f - a +0 buckler (worn)
 j - a +2 cloak (worn)
 l - a +1 robe of magic resistance (worn)
 t - a +0 pair of gloves (worn)
Jewellery
 e - a cursed amulet of inaccuracy
 k - a ring of positive energy (left hand)
 q - a ring of magical power (right hand)
Wands
 m - a wand of scattershot (4)
 p - a wand of polymorph (11)
 s - a wand of acid (11)
 w - a wand of enslavement (5)
Scrolls
 a - 2 scrolls of random uselessness
 b - 6 scrolls of identify
 d - 8 scrolls of remove curse
 i - 3 scrolls of amnesia {unknown}
 r - a scroll of blinking
 v - 2 scrolls of vulnerability
 y - a scroll of teleportation
 z - a scroll of enchant armour
 A - a scroll of brand weapon {unknown}
Potions
 g - 2 potions of mutation
 h - 2 potions of brilliance
 n - a potion of cancellation
 o - 2 potions of curing
Comestibles
 c - 20 rations


   Skills:
 + Level 5.2 Fighting
 - Level 4.0 Armour
 + Level 6.6 Dodging
 - Level 2.3 Stealth
 - Level 4.0 Shields
 + Level 6.8 Spellcasting
 + Level 9.3 Conjurations
 + Level 10.1 Air Magic


You had 11 spell levels left.
You knew the following spells:

 Your Spells              Type           Power        Failure   Level  Hunger
a - Shock                 Conj/Air       ####         1%          1    None
b - Swiftness             Chrm/Air       ###.....     1%          2    None
c - Static Discharge      Conj/Air       #####...     1%          3    ##.....
d - Lightning Bolt        Conj/Air       #####.....   5%          5    #####..

Your spell library contained the following spells:

 Spells                   Type           Power        Failure   Level  Hunger
 Airstrike                Air            #####.....   1%          4    ####...
 Animate Skeleton         Necr           N/A          11%         1    None
 Freeze                   Ice            #...         11%         1    None
 Pain                     Necr           #...         11%         1    None
 Hailstorm                Conj/Ice       ###.....     16%         4    ####...
 Ozocubu's Armour         Chrm/Ice       #.......     32%         3    ##.....
 Vampiric Draining        Necr           #.........   32%         3    ##.....
 Irradiate                Conj/Tmut      ###.......   41%         5    #####..
 Animate Dead             Necr           N/A          73%         4    ####...
 Summon Ice Beast         Ice/Summ       #.......     73%         4    ####...
 Agony                    Necr           #.......     97%         5    #####..
 Hydra Form               Tmut           #.........   100%        6    #######
 Statue Form              Tmut/Erth      #........    100%        6    #######
 Dragon Form              Tmut           #.........   100%        7    #######


Dungeon Overview and Level Annotations

Branches:
Dungeon (9/15)             Temple (1/1) D:4            Lair (1/6) D:9
Ossuary (visited)         Volcano (1/1)
    Orc: D:9-12

Altars:
Ashenzari
Cheibriados
Dithmenos
Elyvilon
Fedhas
Gozag
Hepliaklqana
Kikubaaqudgha
Makhleb
Nemelex Xobeh
Okawaru
Qazlal
Ru
Sif Muna
Trog
Uskayaw
Vehumet
Wu Jian
Xom
Yredelemnul
Zin
The Shining One

Shops:
D:4 [   D:5 %%

Portals:
Gauntlet: Lair:1


Innate Abilities, Weirdness & Mutations

You have a beak for a mouth.
You have claws for feet.
You can fly continuously.


Message History

The red draconian burns you.
Casting: Static Discharge (safe; 1% risk of failure)
Confirm with . or Enter, or press ? or * to list all spells.
The red draconian is struck by an arc of lightning.
The red draconian is lightly wounded.
The lightning grounds out.
The salamander is struck by an arc of lightning.
The salamander is lightly wounded.
You are struck by an arc of lightning.
The red draconian is struck by an arc of lightning.
The red draconian is lightly wounded.
The salamander is struck by an arc of lightning!
The salamander is moderately wounded.
The red draconian is struck by an arc of lightning!
The red draconian is moderately wounded.
The lightning grounds out.
The salamander hits you with a +0 trident!
* * * LOW HITPOINT WARNING * * *
You are engulfed in flames!
You die...

##...○°°≈○§
##..○.○§§.
#..°○§§..
##..○#...#
#...## ###
###.##
####.##
##≈..#.##
#≈≈$∩!@.#
#≈§.[dN)#
##§≈[.!##
#≈°§.§#
#°≈§§##
##°§# ###


You could see a red draconian and a salamander.

Vanquished Creatures
  Harold (D:7)
  The ghost of domsik the Insei, a novice GnTm (D:6)
  Pikel (D:5)
  Prince Ribbit (D:8)
  A hippogriff (D:8)
  A hungry ghost (D:9)
  2 porcupines (Lair:1)
  2 hell hounds (Lair:1)
  An ice beast (D:9)
  A black bear (D:9)
  A sky beast (D:8)
  A hornet zombie (D:3)
  A slave (D:5)
  4 phantoms
  3 ogres
  A centaur (D:6)
  5 bullfrogs
  4 killer bees (D:7)
  4 howler monkeys
  2 crimson imps
  2 centaur zombies (Ossuary)
  A human zombie (Ossuary)
  A jelly (D:6)
  8 hounds
  6 orc priests
  7 orc wizards
  A centaur skeleton (D:8)
  3 iguanas
  6 worker ants
  3 big kobold zombies (Ossuary)
  2 mummies (Ossuary)
  3 worker ant zombies
  10 gnolls
  8 adders
  4 shadow imps
  3 oozes
  An adder skeleton (D:6)
  5 dart slugs
  2 leopard geckos
  24 orcs
  2 ball pythons
  4 giant cockroaches
  7 goblins
  9 hobgoblins
  4 jackals
  3 kobolds
  6 quokkas
  7 bats
  6 frilled lizards
  3 gnoll zombies (Ossuary)
  3 hobgoblin zombies (Ossuary)
  A leopard gecko zombie (D:6)
  2 orc zombies (Ossuary)
  6 rats
201 creatures vanquished.

Notes
Turn   | Place    | Note
-------+----------+-------------------------------------------
     0 | D:1      | Essalna the Tengu Air Elementalist began the quest for the
                  | Orb.
     0 | D:1      | Reached XP level 1. HP: 10/10 MP: 4/4
   218 | D:1      | Upgraded the game from 0.25-a0-403-g49d089a364 to
                  | 0.25-a0-404-gc1b5a34292
   219 | D:1      | Reached XP level 2. HP: 15/15 MP: 4/6
   280 | D:1      | Found a burning altar of Makhleb.
   283 | D:1      | Found an iron altar of Okawaru.
   283 | D:1      | Found a sparkling altar of Nemelex Xobeh.
   285 | D:1      | Found a white marble altar of Elyvilon.
   285 | D:1      | Found a hazy altar of Hepliaklqana.
   285 | D:1      | Found a shimmering altar of Xom.
   596 | D:1      | Reached XP level 3. HP: 19/19 MP: 4/7
  1087 | D:2      | Reached XP level 4. HP: 17/24 MP: 0/8
  1524 | D:3      | Reached skill level 5 in Air Magic
  1584 | D:3      | Learned a level 2 spell: Swiftness
  1588 | D:3      | Learned a level 3 spell: Static Discharge
  1725 | D:4      | Found a staircase to the Ecumenical Temple.
  1972 | D:4      | Gained mutation: You can fly continuously. [Tengu growth]
  1972 | D:4      | Reached XP level 5. HP: 26/28 MP: 1/10
  2081 | Temple   | Entered the Ecumenical Temple
  2484 | D:3      | Reached skill level 1 in Shields
  2484 | D:3      | Reached XP level 6. HP: 21/32 MP: 3/12
  2806 | D:4      | Found Beasch's Armour Boutique.
  3079 | D:4      | Identified the cursed +1 ring mail "Kyego" {-Tele rC+
                  | Dex+4}
  3128 | D:5      | Entered Level 5 of the Dungeon
  3137 | D:5      | Reached skill level 6 in Air Magic
  3254 | D:5      | Found Jobbi's Food Emporium.
  3273 | D:5      | Found Liubreq's Food Boutique.
  3343 | D:5      | Noticed a slave
  3343 | D:5      | Noticed a slave
  3344 | D:5      | Noticed a slave
  3346 | D:5      | Noticed a slave
  3348 | D:5      | Noticed Pikel
  3372 | D:5      | Killed a slave
  3375 | D:5      | Killed Pikel
  3375 | D:5      | Reached skill level 5 in Conjurations
  3375 | D:5      | Reached skill level 7 in Air Magic
  3375 | D:5      | Reached XP level 7. HP: 30/36 MP: 0/14
  3534 | D:5      | Noticed a +0 dagger
  3535 | D:5      | Found a hide-covered altar of Uskayaw.
  3535 | D:5      | Noticed a +0 hand axe
  3619 | D:5      | Reached XP level 8. HP: 41/41 MP: 15/15
  3633 | D:5      | Learned a level 5 spell: Lightning Bolt
  4400 | D:6      | Reached skill level 1 in Fighting
  4400 | D:6      | Reached skill level 1 in Armour
  4485 | D:6      | Found a burning altar of Makhleb.
  4641 | D:6      | Got an ominously black robe
  4642 | D:6      | Identified the +1 robe "Poutunoa" {*Corrode +Fly Dex+4
                  | Stlth+} (You found it on level 6 of the Dungeon)
  4750 | D:7      | Reached skill level 5 in Spellcasting
  4840 | D:7      | Found a sand-covered staircase.
  4845 | Ossuary  | Entered an ossuary
  5145 | Ossuary  | Reached skill level 8 in Air Magic
  5145 | Ossuary  | Reached XP level 9. HP: 24/48 MP: 2/17
  6419 | D:6      | Found a runed translucent door.
  6419 | D:6      | Noticed domsik's ghost (novice GnTm)
  6519 | D:6      | Found a white marble altar of Elyvilon.
  6569 | D:6      | Found a glowing golden altar of the Shining One.
  6741 | D:6      | Killed domsik's ghost
  7038 | D:8      | Reached skill level 5 in Dodging
  7178 | D:8      | Reached skill level 9 in Air Magic
  7226 | D:8      | Reached XP level 10. HP: 18/56 MP: 0/20
  7560 | D:8      | Noticed Harold
  7581 | D:8      | Noticed Prince Ribbit
  7910 | D:7      | Killed Harold
  8042 | D:8      | Killed Prince Ribbit
  8225 | D:8      | Found a radiant altar of Vehumet.
  8232 | D:8      | Found an opulent altar of Gozag.
  8249 | D:8      | Became a worshipper of Vehumet
  8636 | D:9      | Found a shimmering blue altar of Sif Muna.
  8960 | D:9      | Reached skill level 5 in Fighting
  8960 | D:9      | Reached skill level 10 in Air Magic
  8966 | D:9      | Found a staircase to the Lair.
  9248 | Lair:1   | Entered Level 1 of the Lair of Beasts
  9249 | Lair:1   | Found a gate leading to a gauntlet.
  9312 | Lair:1   | Found a dark tunnel.
  9323 | Volcano  | Entered a volcano
  9406 | Volcano  | Noticed a red draconian
  9406 | Volcano  | Noticed a salamander
  9409 | Volcano  | Mangled by a salamander

Levels and vault maps discovered:
D:1:      psy_arrival_conway, layout_basic, chequers_serial_rivers_micro_c,
          doesnt_xom_only_xom
D:2:      layout_rooms
D:3:      layout_loops_ring
D:4:      layout_rooms, minmay_temple_entry_mist, serial_shops, shop,
          first_ration, corexii_item_surrounded_by_moat
D:5:      layout_loops_corners, dancing_weapons_uskayaw, serial_shops,
          nicolae_shop_stone, shop_fountains, uniq_pikel
D:6:      layout_rooms, kennysheep_little_box, tso_metal_star,
          ebering_ghost_reflecting_pool, minmay_crystal_water,
          minmay_misc_feat_roman, bloody_makhleb
D:7:      layout_loops_corners, enter_ossuary_2
D:8:      layout_loops_ring, grunt_temple_overflow_open, uniq_harold,
          uniq_prince_ribbit1
D:9:      layout_rooms, lemuel_blue_sif_altar, lair_entry_dummy
Temple:   compressed_dpeg_circular_temple
Lair:1:   lemuel_ratsnest, layout_regular_city, gauntlet_entry_generic,
          enter_volcano_3, beast_lair_carwin_2
Volcano:  volcano_pools

Skill      XL: |  1  2  3  4  5  6  7  8  9 10 |
---------------+-------------------------------+-----
Conjurations   | 2 3 4 5 6 8 9 |  9.3
Air Magic      | 5 7 8 9 10 | 10.1
Spellcasting   | 3 4 5 6 |  6.8
Shields        | 1 3 4 |  4.0
Fighting       | 2 3 5 |  5.2
Armour         | 2 4 |  4.0
Dodging        | 3 5 6 |  6.6
Stealth        | |  2.3

Action                   |  1- 3 |  4- 6 |  7- 9 | 10-12 || total
-------------------------+-------+-------+-------+-------++-------
Melee: Unarmed           |     6 |       |       |       ||     6
       Kick              |     2 |     2 |     5 |     8 ||    17
       Dagger            |     6 |    17 |       |       ||    23
       Peck              |     1 |     2 |     9 |     9 ||    21
       Whip              |       |       |    36 |    45 ||    81
 Cast: Shock             |    57 |   111 |   217 |    90 ||   475
       Static Discharge  |       |    16 |    44 |    28 ||    88
  Use: Potion            |       |     3 |     2 |     2 ||     7
       Scroll            |       |       |    18 |     3 ||    21
 Stab: Sleeping          |     1 |       |       |       ||     1
  Eat: Chunk             |     1 |     9 |     8 |     7 ||    25
       Ration            |       |       |     2 |       ||     2
Armor: Robe              |     1 |    13 |    18 |    29 ||    61
Dodge: Dodged            |    13 |    38 |    73 |    94 ||   218
Block: Buckler           |       |     5 |    29 |    27 ||    61

Table legend:
 A = Non-vault XP
 B = Vault XP
 C = Vault XP percentage of total XP
 D = Non-vault monster count
 E = Vault monster count
 F = Vault count percentage of total count
                 A         B        C        D         E       F
            +---------+---------+-------+---------+---------+-------
      Total |    5015 |    3188 |  38.9 |     178 |      22 |  11.0
            +---------+---------+-------+---------+---------+-------
        D:1 |      50 |       0 |   0.0 |      22 |       0 |   0.0
        D:2 |      60 |       0 |   0.0 |      20 |       0 |   0.0
        D:3 |     178 |       0 |   0.0 |      19 |       0 |   0.0
        D:4 |     169 |       0 |   0.0 |      11 |       0 |   0.0
        D:5 |     435 |     607 |  58.3 |      12 |       1 |   7.7
        D:6 |     859 |     757 |  46.8 |      26 |       1 |   3.7
        D:7 |     628 |     997 |  61.4 |      15 |       1 |   6.2
        D:8 |    1075 |     291 |  21.3 |      30 |       1 |   3.2
        D:9 |    1280 |       0 |   0.0 |      21 |       0 |   0.0
     Lair:1 |     281 |     279 |  49.8 |       2 |       2 |  50.0
    Ossuary |       0 |     257 | 100.0 |       0 |      16 | 100.0
            +---------+---------+-------+---------+---------+-------
